Map: Site Delta LE

Players

Rogue - Winner!

  • Race: Zerg Zerg
  • Spawn Location: 11:00

Solar

  • Race: Zerg Zerg
  • Spawn Location: 5:00

Event: ESL Spring 2024 Finals

VOD

Have the link to the VOD?

Description

Time

  • Played on: May 31, 2024, 11:43 a.m.
  • Length: 4:22

All games in this series

Show
View Real Time Build Order
Export as new Build Order

Rogue Zerg - Winner!

Build Orders: Hatch First 

Get SALT Encoding   

  12  0:00  Drone  
  13  0:12  Overlord  
  13  0:16  Drone  
  14  0:30  Drone x2  
  16  0:49  Hatchery  
  15  0:50  Drone  
  15  0:54  Drone  
  18  0:57  Drone  
  18  1:08  Extractor  
  17  1:12  Spawning Pool  
  17  1:15  Drone  
  17  1:18  Drone  
  18  1:28  Drone  
  19  1:38  Drone  
  20  1:49  Drone  
  21  2:00  Queen x2  
  25  2:01  Zergling x2, Overlord  
  26  2:08  Metabolic Boost  
  26  2:11  Drone  
  26  2:12  Drone  
  28  2:26  Zergling x2  
  29  2:31  Zergling x2  
  29  2:34  Hatchery  
  29  2:35  Zergling x2  
  29  2:36  Zergling x2  
  31  2:42  Queen  
  33  2:47  Overlord  
  33  2:51  Zergling x2  
  34  2:54  Zergling x2  
  34  2:55  Zergling x2  
  36  3:08  Zergling x10  
  36  3:09  Zergling x2  
  42  3:13  Zergling x2  
  42  3:14  Zergling x2  
  44  3:21  Overlord  
  44  3:30  Baneling Nest  
  44  3:33  Zergling x2  
  44  3:39  Zergling x2  
  44  3:40  Zergling x6  
  47  3:46  Zergling x8  
  50  3:52  Zergling x4  
  52  3:57  Zergling x2  
  52  3:59  Zergling x2  
  52  4:00  Zergling x2  
  54  4:04  Zergling x2  
Show
View Real Time Build Order
Export as new Build Order

Solar Zerg 

Build Orders: Hatch First 

Get SALT Encoding   

  12  0:00  Drone  
  13  0:12  Overlord  
  13  0:16  Drone  
  14  0:30  Drone x2  
  16  0:46  Hatchery  
  16  0:50  Drone  
  16  0:53  Drone  
  16  0:56  Drone  
  18  1:07  Extractor  
  17  1:12  Spawning Pool  
  17  1:15  Drone  
  17  1:18  Drone  
  18  1:28  Drone  
  19  1:38  Drone  
  20  1:51  Drone  
  21  1:58  Queen x2  
  21  1:59  Zergling x2  
  21  2:00  Overlord  
  26  2:08  Metabolic Boost  
  26  2:09  Drone  
  26  2:10  Drone  
  28  2:21  Drone, Zergling x2  
  30  2:32  Hatchery  
  30  2:34  Drone  
  30  2:36  Drone  
  31  2:42  Drone  
  32  2:48  Drone  
  32  2:49  Baneling Nest  
  32  2:51  Overlord  
  32  2:54  Drone  
  33  3:03  Drone  
  33  3:04  Drone  
  35  3:06  Drone  
  35  3:11  Drone, Zergling x4  
  35  3:12  Drone  
  40  3:14  Zergling x2  
  41  3:21  Drone, Roach Warren  
  41  3:26  Overlord  
  41  3:30  Zergling x4  
  43  3:37  Zergling x2  
  43  3:39  Zergling x2  
  44  3:42  Zergling x2  
  44  3:45  Zergling x10  
  44  3:46  Zergling x2  
  42  3:55  Zergling x2  
  42  3:56  Zergling x2  
  42  4:01  Baneling x2  
  37  4:03  Zergling x2  
Tags
 
Add a new tag
Caveats
  • Supply blocks, unpowered buildings, or Contaminate may cause inaccurate times.
  • Supply counts are checked every 10 seconds.